 Dungeon Crawl Stone Soup version 0.23-a0-307-gc3b755d (webtiles) character file.

113 CozyGlow the Cudgeler (level 4, 0/30 HPs)
             Began as a Gargoyle Monk on Oct 10, 2018.
             Was a Believer of the Shining One.
             Slain by Pikel
             ... wielding a +0 whip of electrocution
              (5 damage)
             ... on level 2 of the Dungeon.
             The game lasted 00:07:53 (3382 turns).

CozyGlow the Cudgeler (Gargoyle Monk)               Turns: 3382, Time: 00:07:53

Health: 0/30       AC:  8    Str: 16    XL:     4   Next: 96%
Magic:  4/4        EV: 12    Int: 10    God:    the Shining One [**....]
Gold:   81         SH:  0    Dex: 12    Spells: 3/3 levels left

rFire    . . .     SeeInvis .   a - +1 mace
rCold    . . .     Gourm    .   (no shield)
rNeg     + + .     Faith    .   b - +0 robe
rPois    ∞         Spirit   .   (no helmet)
rElec    +         Reflect  .   (no cloak)
rCorr    .         Harm     .   (no gloves)
MR       .....                  (no boots)
Stlth    +.........             (no amulet)
HPRegen  0.10/turn              m - +3 ring of protection
MPRegen  0.09/turn              (no ring)

@: glowing
A: negative energy resistance 1, electricity resistance, unbreathing,
petrification resistance, rot immunity, AC +3
a: Divine Shield, Renounce Religion


You were on level 2 of the Dungeon.
You worshipped the Shining One.
The Shining One was pleased with you.
You were not hungry.

You visited 1 branch of the dungeon, and saw 4 of its levels.

You collected 81 gold pieces.

Inventory:

Hand Weapons
 a - a +1 mace (weapon)
Armour
 b - a +0 robe (worn)
Jewellery
 m - a +3 ring of protection (left hand)
   (You found it on level 2 of the Dungeon)
 s - an uncursed ring of protection from magic {unknown}
   (You found it on level 3 of the Dungeon)
 u - an uncursed ring of ice {unknown}
   (You found it on level 3 of the Dungeon)
Scrolls
 d - a scroll of blinking {unknown}
 f - a scroll of amnesia {unknown}
 h - a scroll of remove curse {unknown}
 n - a scroll of teleportation {unknown}
 o - a scroll of enchant weapon
 r - a scroll of random uselessness {unknown}
 v - a scroll of fear {unknown}
Potions
 e - 3 potions of curing
 g - a potion of heal wounds
 i - a potion of invisibility {unknown}
 j - 2 potions of brilliance {unknown}
 k - 2 potions of agility
 p - 2 potions of magic {unknown}
 q - a potion of haste {unknown}
 t - a potion of flight {unknown}
Comestibles
 c - 8 rations
 l - 3 chunks of flesh {@w0}


   Skills:
 + Level 4.3 Fighting
 * Level 4.8 Maces & Flails
 - Level 2.4 Dodging
 - Level 2.1 Stealth


You had 3 spell levels left.
You didn't know any spells.
Your spell library contained the following spells:

 Spells                   Type           Power        Failure   Level  Hunger
 Beastly Appendage        Tmut           #.....       36%         1    ##.....
 Sticks to Snakes         Tmut           #.......     50%         2    ###....
 Spider Form              Tmut/Pois      #.........   75%         3    ####...
 Ice Form                 Ice/Tmut       #.......     98%         4    #####..
 Blade Hands              Tmut           #.........   100%        5    ######.


Dungeon Overview and Level Annotations

Branches:
Dungeon (4/15)
 Temple: D:4-7

Altars:
Dithmenos
Gozag
Kikubaaqudgha
Qazlal
Wu Jian
Yredelemnul
The Shining One

Annotations:
D:2 Pikel


Innate Abilities, Weirdness & Mutations

You are resistant to torment.
Your stone body is resilient. (AC +3)
You are immune to poison.
You resist negative energy. (rN+)
You are resistant to electric shocks. (rElec)
You can survive without breathing.
You are immune to petrification.
You are immune to rotting.


Message History

a spear; a gnoll skeleton
There is an open door here.
You open the door.
There is an open door here.
You see here 18 arrows.
c - 8 rations (gained 1)
There is an open door here.
Eating one of 9 chunks of flesh {@w0}.
You eat one of the 9 chunks of flesh {@w0}.
You see here 2 silver javelins.
Some of the chunks of flesh in your inventory have rotted away.
There is an open door here.
Done exploring.
Health restored: 30 Done exploring.
There is a stone staircase leading down here.
Done exploring.
There is a stone staircase leading down here.
You climb downwards.
Pikel the Slaver comes into view.
He is wielding a whip of electrocution.
Pikel shouts!
You hear a shout! x2
There is a stone staircase leading up here.
Okay, then.
Okay, then.
A slave comes into view.
A slave comes into view. x2
Pikel says, "Slavery isn't that bad."
A divine shield forms around you!
You feel slightly more hungry.
A slave comes into view.
You now have 1/4 mp.
You block Pikel's attack.
You barely miss Pikel.
Pikel hits you with a whip of electrocution. x2
You take 6 damage, and have 24/30 hp.
You hit Pikel but do no damage.
Pikel hits you with a whip of electrocution.
You take 3 damage, and have 21/30 hp.
You barely miss Pikel.
Pikel hits you with a whip of electrocution.
You take 3 damage, and have 18/30 hp.
You closely miss Pikel.
Pikel hits you with a whip of electrocution.
You take 1 damage, and have 17/30 hp.
You barely miss Pikel.
Pikel hits you with a whip of electrocution.
You take 1 damage, and have 16/30 hp.
There is a stone staircase leading up here.
Pikel hits you with a whip of electrocution.
You climb upwards.
There is a stone staircase leading down here.
You take 2 damage, and have 14/30 hp.
Pikel barely misses you.
There is a stone staircase leading up here.
Pikel hits you but does no damage.
You climb upwards.
There is a stone staircase leading down here.
You hit Pikel. Pikel closely misses you. Pikel hits you but does no damage.
Pikel hits you with a whip of electrocution.
You take 1 damage, and have 14/30 hp.
You sock Pikel! Pikel hits you but does no damage. You block Pikel's attack.
You hit Pikel. Pikel hits you but does no damage.
You hit Pikel. You block Pikel's attack.
You hit Pikel but do no damage.
Pikel hits you with a whip of electrocution.
You take 2 damage, and have 13/30 hp.
You completely miss Pikel.
Pikel hits you with a whip of electrocution.
You take 1 damage, and have 12/30 hp.
You hit Pikel. You block Pikel's attack. Pikel hits you but does no damage.
You hit Pikel.
Pikel drinks a potion.
Pikel is healed!
There is an open door here.
MP restored: 4 You barely miss Pikel.
Your divine shield fades away.
Pikel hits you with a whip of electrocution.
You take 1 damage, and have 12/30 hp.
You hit Pikel. Pikel closely misses you.
You hit Pikel.
Pikel hits you with a whip of electrocution.
Pikel hits you but does no damage.
You take 2 damage, and have 10/30 hp.
You thump Pikel! Pikel barely misses you.
You hit Pikel but do no damage.
Pikel hits you with a whip of electrocution.
You hit Pikel. Pikel barely misses you.
You hit Pikel.
Pikel hits you with a whip of electrocution!
* * * LOW HITPOINT WARNING * * *
You take 7 damage, and have 3/30 hp.
MASSIVE DAMAGE!!
Some of the chunks of flesh in your inventory have rotted away.
Pikel waves his whip at you.
Here: Pikel, wielding a whip of electrocution and wearing a robe (heavily The floor.
There is an open door here.
Pikel hits you with a whip of electrocution.
You die...

.# #.# #......#.#.##..#.##...# .#
#.####......#.#.###.#.##...#
.###.......#.#.#.#.# #...##...#
.##...####.#<#.#.#.# ##..##...#
.##...# #.#.....#.####..##...#
.##...# ##.#'#.#....).........###
.##...# #........#.)....>#.......
.##...# #........+.......+.......
.##...###.......@#########.......
.##...#..........K.#######.......
..................'..........[...
..#.....##.###.##.............###
........#.....................###
........########......).......##.
.............÷................##.
'#.....##########.............##.
'.........#...............###....


You could see Pikel.

Vanquished Creatures
  4 gnolls (D:3)
  An adder (D:2)
  2 worms (D:3)
  2 dart slugs (D:3)
  10 orcs
  2 giant cockroaches (D:3)
  3 goblins
  5 hobgoblins
  A quokka (D:2)
  A ball python (D:2)
  7 bats
  A frilled lizard (D:3)
  5 kobolds
  5 rats
49 creatures vanquished.

Notes
Turn   | Place    | Note
-------+----------+-------------------------------------------
     0 | D:1      | CozyGlow the Gargoyle Monk began the quest for the Orb.
     0 | D:1      | Reached XP level 1. HP: 14/14 MP: 1/1
   201 | D:1      | Reached XP level 2. HP: 19/19 MP: 2/2
   715 | D:2      | HP: 1/19 [worm (9)]
  1512 | D:2      | Found a shadowy altar of Dithmenos.
  1621 | D:2      | Reached XP level 3. HP: 24/24 MP: 3/3
  1640 | D:2      | Found an ornate altar of the Wu Jian Council.
  2021 | D:2      | Found a glowing golden altar of the Shining One.
  2023 | D:2      | Noticed an angel
  2049 | D:2      | Became a worshipper of the Shining One
  2049 | D:2      | Reached * piety under the Shining One
  2049 | D:2      | Reached ** piety under the Shining One
  2059 | D:2      | Found a basalt altar of Yredelemnul.
  2189 | D:2      | Noticed a profane servitor
  2229 | D:3      | HP: 5/24 [orc/trident (4)]
  2333 | D:3      | Reached skill level 4 in Maces & Flails
  2337 | D:3      | HP: 6/24 [orc/trident (1)]
  2635 | D:3      | Found an opulent altar of Gozag.
  2693 | D:3      | Reached skill level 4 in Fighting
  2754 | D:3      | Reached XP level 4. HP: 29/29 MP: 4/4
  2819 | D:3      | Found a stormy altar of Qazlal.
  3023 | D:3      | Found an ancient bone altar of Kikubaaqudgha.
  3172 | D:3      | CozyGlow: !subscribemeem
  3316 | D:4      | Noticed Pikel
  3318 | D:4      | Noticed a slave
  3319 | D:4      | Noticed a slave
  3319 | D:4      | Noticed a slave
  3322 | D:4      | Noticed a slave
  3361 | D:2      | HP: 3/30 [Pikel/whip of electrocution (7)]
  3382 | D:2      | Slain by Pikel

Vault maps used:
D:1:      lemuel_arrival_broad_hall
D:2:      grunt_temple_overflow_holy_war, nicolae_dithmenos_shadow_blocks,
          nicolae_overflow_crystal_walls, first_ration
D:3:      old_standard_altar, lemuel_round_altar, grunt_qazlal_clouds
D:4:      temple_green, serial_shops, shop_statue, uniq_natasha, uniq_robin,
          uniq_pikel

Skill      XL: |  1  2  3 |
---------------+----------+-----
Maces & Flails | 4 |  4.8
Fighting       | 4 |  4.3
Dodging        | |  2.4
Stealth        | |  2.1

Action                   |  1- 3 |  4- 6 || total
-------------------------+-------+-------++-------
Melee: Mace              |   134 |    60 ||   194
Invok: Divine Shield     |       |     1 ||     1
  Use: Scroll            |     2 |     1 ||     3
       Potion            |     1 |       ||     1
 Stab: Sleeping          |     2 |       ||     2
  Eat: Chunk             |     6 |     2 ||     8
Armor: Robe              |    51 |    15 ||    66
Dodge: Dodged            |    96 |    27 ||   123
Block: Other             |       |     4 ||     4

Table legend:
 A = Non-vault XP
 B = Vault XP
 C = Vault XP percentage of total XP
 D = Non-vault monster count
 E = Vault monster count
 F = Vault count percentage of total count
                 A         B        C        D         E       F
            +---------+---------+-------+---------+---------+-------
      Total |     162 |       0 |   0.0 |      49 |       0 |   0.0
            +---------+---------+-------+---------+---------+-------
        D:1 |      14 |       0 |   0.0 |       9 |       0 |   0.0
        D:2 |      30 |       0 |   0.0 |      12 |       0 |   0.0
        D:3 |     118 |       0 |   0.0 |      28 |       0 |   0.0
            +---------+---------+-------+---------+---------+-------

Vault maps used:
D:1:      lemuel_arrival_broad_hall
D:2:      grunt_temple_overflow_holy_war, nicolae_dithmenos_shadow_blocks,
          nicolae_overflow_crystal_walls, first_ration
D:3:      old_standard_altar, lemuel_round_altar, grunt_qazlal_clouds
D:4:      temple_green, serial_shops, shop_statue, uniq_natasha, uniq_robin,
          uniq_pikel

Table legend:
 A = Turns spent in this place as a percentage of turns spent in the entire game.
 B = Non-inter-level travel turns spent in this place as a percentage of non-inter-level travel turns spent in the entire game.
 C = Inter-level travel turns spent in this place as a percentage of turns spent in this place.
 D = Turns resting spent in this place as a percentage of non-inter-level travel turns spent in this place.
 E = Turns spent auto-exploring this place as a percentage of non-inter-level travel turns spent in this place.
 F = Non-inter-level travel turns spent in this place divided by the number of levels of this place that you've seen.
                   A       B       C       D       E      F
               +-------+-------+-------+-------+-------+----------------------
         Total | 100.0 | 100.0 |   1.4 |  33.3 |  43.4 | 833.8
       Dungeon | 100.0 | 100.0 |   1.4 |  33.3 |  43.4 | 833.8
               +-------+-------+-------+-------+-------+----------------------

Table legend:
 A = Kills in this place as a percentage of kills in entire the game.
 B = Kills by you in this place as a percentage of kills by you in the entire game.
 C = Kills by friends in this place as a percentage of kills by friends in the entire game.
 D = Other kills in this place as a percentage of other kills in the entire game.
 E = Experience gained in this place as a percentage of experience gained in the entire game.
 F = Experience gained in this place divided by the number of levels of this place that you have seen.
                   A       B       C       D       E      F
               +-------+-------+-------+-------+-------+----------------------
         Total | 100.0 | 100.0 |   N/A |   N/A | 100.0 |  40.5
       Dungeon | 100.0 | 100.0 |   N/A |   N/A | 100.0 |  40.5
               +-------+-------+-------+-------+-------+----------------------
